UAA
CHESAPEAKE CONTINENTALS @ MARMORA SCRAMBLERS
08/23/2017
 
TOP OF THE 1ST
Chesapeake Continentals batting - Pitching for Marmora Scramblers : RHP José Campos
Pitching: RHP José Campos
Batting: RHB Gustavo Varela 0-0: Ball
1-0: Called Strike
1-1: Called Strike
1-2: Ball
2-2: Ground out 5-3 (Groundball, 56S)
Batting: LHB Thomas Campbell 0-0: Foul Ball, location: 2F
0-1: Foul Ball, location: 2F
0-2: Foul Ball, location: 2F
0-2: Foul Ball, location: 2F
0-2: Fly out, F8 (Flyball, 8RM)
Batting: RHB Brandon Reed 0-0: Ball
1-0: Called Strike
1-1: Ball
2-1: Foul Ball, location: 2F
2-2: Ball
3-2: Strikes out swinging
Top of the 1st over - 0 run(s), 0 hit(s), 0 error(s), 0 left on base; Chesapeake 0 - Marmora 0
BOTTOM OF THE 1ST
Marmora Scramblers batting - Pitching for Chesapeake Continentals : RHP Luis García
Pitching: RHP Luis García
Batting: LHB Markus Richardson 0-0: Ball
1-0: Ball
2-0: Ball
3-0: Called Strike
3-1: Base on Balls
Batting: RHB Chris Hopkins 0-0: Ball
1-0: Fly out, F7 (Flyball, 78M)
Batting: SHB Dave Orchard 0-0: Ball
1-0: Ball
2-0: Called Strike
2-1: 2-RUN HOME RUN (Flyball, 9LD), Distance : 351 ft
Batting: LHB Randy Daugherty 0-0: Foul Ball, location: 2F
0-1: Ball
1-1: Ball
2-1: SOLO HOME RUN (Flyball, 89XD), Distance : 389 ft
Batting: LHB Steve Riggs 0-0: Called Strike
0-1: Fly out, F7 (Flyball, 7M)
Batting: LHB Tomás Guillén 0-0: Ball
1-0: Ground out U3 (Groundball, 3S)
Bottom of the 1st over - 3 run(s), 2 hit(s), 0 error(s), 0 left on base; Chesapeake 0 - Marmora 3
TOP OF THE 2ND
Chesapeake Continentals batting - Pitching for Marmora Scramblers : RHP José Campos
Batting: LHB John Robertson 0-0: Ground out 6-3 (Groundball, 56)
Batting: RHB Roy Williams 0-0: Swinging Strike
0-1: Foul Ball, location: 2F
0-2: Ball
1-2: Ball
2-2: Foul Ball, location: 2F
2-2: Foul Ball, location: 2F
2-2: Fly out, F8 (Line Drive, 8RM)
Batting: LHB Munemori Ohara 0-0: Called Strike
0-1: Fly out, F7 (Flyball, 78XD)
Top of the 2nd over - 0 run(s), 0 hit(s), 0 error(s), 0 left on base; Chesapeake 0 - Marmora 3
BOTTOM OF THE 2ND
Marmora Scramblers batting - Pitching for Chesapeake Continentals : RHP Luis García
Batting: RHB Carl Carlson 0-0: Swinging Strike
0-1: Ball
1-1: Fly out, F7 (Line Drive, 7M)
Batting: RHB Andrew Weeks 0-0: Called Strike
0-1: Foul Ball, location: 2F
0-2: Ball
1-2: Ball
2-2: Ball
3-2: Base on Balls
Batting: RHB Arturo Read 0-0: Fly out, F8 (Flyball, 8LM)
Batting: LHB Markus Richardson 0-0: Ball
1-0: Ground out 1-3 (Groundball, 13S)
Bottom of the 2nd over - 0 run(s), 0 hit(s), 0 error(s), 1 left on base; Chesapeake 0 - Marmora 3
TOP OF THE 3RD
Chesapeake Continentals batting - Pitching for Marmora Scramblers : RHP José Campos
Batting: RHB Roger Lakes 0-0: Called Strike
0-1: Swinging Strike
0-2: Ball
1-2: Ball
2-2: Ground out 5-3 (Groundball, 5)
Batting: RHB Mike Peterson 0-0: Called Strike
0-1: Ball
1-1: Swinging Strike
1-2: Ball
2-2: Ball
3-2: Foul Ball, location: 2F
3-2: Foul Ball, location: 2F
3-2: Base on Balls
Batting: SHB Tim Roberts 0-0: Swinging Strike
0-1: Foul Ball, location: 2F
0-2: Ball
1-2: Foul Ball, location: 2F
1-2: Strikes out looking
Batting: RHB Gustavo Varela 0-0: Called Strike
0-1: Ball
1-1: Fly out, F6 (Popup, 6D)
Top of the 3rd over - 0 run(s), 0 hit(s), 0 error(s), 1 left on base; Chesapeake 0 - Marmora 3
BOTTOM OF THE 3RD
Marmora Scramblers batting - Pitching for Chesapeake Continentals : RHP Luis García
Batting: RHB Chris Hopkins 0-0: Ball
1-0: Foul Ball, location: 2F
1-1: SINGLE (Line Drive, 8LS)
Batting: SHB Dave Orchard 0-0: Ball
1-0: SINGLE (Flyball, 89M)
Chris Hopkins to second
Throwing error, E9
Chris Hopkins scores
Dave Orchard to second
Batting: LHB Randy Daugherty 0-0: Foul Ball, location: 2F
0-1: Fly out, F7 (Flyball, 78M)
Batting: LHB Steve Riggs 0-0: Ball
Wild Pitch!
Dave Orchard to third
1-0: Foul Ball, location: 2F
1-1: Called Strike
1-2: Fly out, F7 (Flyball, 7LM)
Runner from 3rd tags up, SCORES, no throw
Batting: LHB Tomás Guillén 0-0: Called Strike
0-1: SINGLE (Groundball, 34)
Pitching: RHP Terry Stokes
Batting: RHB Carl Carlson 0-0: Swinging Strike
0-1: Called Strike
0-2: Ground out 6-3 (Groundball, 6)
Bottom of the 3rd over - 2 run(s), 3 hit(s), 1 error(s), 1 left on base; Chesapeake 0 - Marmora 5
TOP OF THE 4TH
Chesapeake Continentals batting - Pitching for Marmora Scramblers : RHP José Campos
Batting: LHB Thomas Campbell 0-0: Ball
1-0: Called Strike
1-1: SINGLE (Groundball, 34D)
Batting: RHB Brandon Reed 0-0: Swinging Strike
0-1: Foul Ball, location: 2F
0-2: Foul Ball, location: 2F
0-2: Ball
1-2: Ball
2-2: Strikes out looking
Batting: LHB John Robertson 0-0: Ball
1-0: Ball
2-0: Called Strike
2-1: Ball
3-1: Called Strike
3-2: Fly out, F6 (Line Drive, 56)
3-2: Fly out, F6 (Line Drive, 56)
Batting: RHB Roy Williams 0-0: Called Strike
0-1: Ball
1-1: Swinging Strike
1-2: Foul Ball, location: 2F
1-2: Ball
Thomas Campbell steals 2nd base
2-2: Fly out, F8 (Flyball, 8RD)
Top of the 4th over - 0 run(s), 1 hit(s), 0 error(s), 1 left on base; Chesapeake 0 - Marmora 5
BOTTOM OF THE 4TH
Marmora Scramblers batting - Pitching for Chesapeake Continentals : RHP Terry Stokes
Batting: RHB Andrew Weeks 0-0: Ball
1-0: Ball
2-0: Ball
3-0: Base on Balls
Batting: RHB Arturo Read 0-0: Ball
1-0: SINGLE (Groundball, 5L) (infield hit)
Andrew Weeks to second
Batting: LHB Markus Richardson 0-0: SINGLE (Line Drive, 6D)
Andrew Weeks to third
Arturo Read to second
Batting: RHB Chris Hopkins 0-0: Ball
1-0: Called Strike
1-1: Called Strike
1-2: Strikes out swinging
Batting: SHB Dave Orchard 0-0: Foul Ball, location: 2F
0-1: Ball
1-1: Ball
2-1: Foul Ball, location: 2F
2-2: Foul Ball, location: 2F
2-2: Ball
3-2: Base on Balls
Andrew Weeks scores
Arturo Read to third
Markus Richardson to second
Batting: LHB Randy Daugherty 0-0: Called Strike
0-1: Grounds into fielders choice 1-2 (Groundball, 23)
Markus Richardson to third
Dave Orchard to second
Batting: LHB Steve Riggs 0-0: Fly out, F7 (Line Drive, 78S)
Bottom of the 4th over - 1 run(s), 2 hit(s), 0 error(s), 3 left on base; Chesapeake 0 - Marmora 6
TOP OF THE 5TH
Chesapeake Continentals batting - Pitching for Marmora Scramblers : RHP José Campos
Batting: LHB Munemori Ohara 0-0: Ball
1-0: Foul Ball, location: 2F
1-1: Ball
2-1: Fly out, F8 (Flyball, 8LS)
Batting: RHB Roger Lakes 0-0: Reached on error, E5 (Groundball, 56S)
Batting: RHB Mike Peterson 0-0: Ball
1-0: Ball
Roger Lakes steals 2nd base
2-0: Foul Ball, location: 2F
2-1: Swinging Strike
2-2: Ball
3-2: Foul Ball, location: 2F
3-2: Base on Balls
Batting: SHB Tim Roberts 0-0: Fly out, F6 (Popup, 5D)
Batting: RHB Gustavo Varela 0-0: Ball
1-0: Called Strike
1-1: Foul Ball, location: 2F
1-2: Ball
2-2: Ball
3-2: SINGLE (Groundball, 56)
Roger Lakes to third
Mike Peterson to second
Roger Lakes scores
Mike Peterson to third
Batting: LHB Thomas Campbell 0-0: Foul Ball, location: 2F
0-1: Called Strike
0-2: Foul Ball, location: 2F
0-2: Ball
1-2: Ball
2-2: Foul Ball, location: 2F
2-2: Fly out, F7 (Flyball, 7M)
Top of the 5th over - 1 run(s), 1 hit(s), 1 error(s), 2 left on base; Chesapeake 1 - Marmora 6
BOTTOM OF THE 5TH
Marmora Scramblers batting - Pitching for Chesapeake Continentals : RHP Terry Stokes
Batting: LHB Tomás Guillén 0-0: Called Strike
0-1: Ball
1-1: Called Strike
1-2: Ball
2-2: Strikes out swinging
Batting: RHB Carl Carlson 0-0: Ball
1-0: Foul Ball, location: 2F
1-1: Called Strike
1-2: SINGLE (Line Drive, 6MD)
Batting: RHB Andrew Weeks 0-0: Fly out, F2 (Popup, 2RF)
Batting: RHB Arturo Read 0-0: SINGLE (Groundball, 34)
Carl Carlson to second
Runner from 2nd tries for 3rd, SAFE, throw made to third
Batting: LHB Markus Richardson 0-0: Called Strike
0-1: Called Strike
0-2: Ball
1-2: Ball
2-2: Foul Ball, location: 2F
2-2: Ball
3-2: Strikes out swinging
Bottom of the 5th over - 0 run(s), 2 hit(s), 0 error(s), 2 left on base; Chesapeake 1 - Marmora 6
TOP OF THE 6TH
Chesapeake Continentals batting - Pitching for Marmora Scramblers : RHP José Campos
Batting: RHB Brandon Reed 0-0: Ball
1-0: Ball
2-0: Foul Ball, location: 2F
2-1: Foul Ball, location: 2F
2-2: Ground out 5-3 (Groundball, 5)
Batting: LHB John Robertson 0-0: SINGLE (Groundball, 34D) (infield hit)
Batting: RHB Roy Williams 0-0: Fly out, F9 (Flyball, 89M)
Batting: LHB Munemori Ohara 0-0: Called Strike
John Robertson is caught stealing 2nd base
Top of the 6th over - 0 run(s), 1 hit(s), 0 error(s), 0 left on base; Chesapeake 1 - Marmora 6
BOTTOM OF THE 6TH
Marmora Scramblers batting - Pitching for Chesapeake Continentals : RHP Terry Stokes
Batting: RHB Chris Hopkins 0-0: Hit by Pitch
Batting: SHB Dave Orchard 0-0: Ball
1-0: Ball
2-0: Called Strike
2-1: Fly out, F7 (Flyball, 7M)
Batting: LHB Randy Daugherty 0-0: Ball
1-0: Ground out 4-3 (Groundball, 4S)
Chris Hopkins to second
Batting: LHB Steve Riggs 0-0: Foul Ball, location: 2F
0-1: Foul Ball, location: 2F
0-2: Strikes out looking
Bottom of the 6th over - 0 run(s), 0 hit(s), 0 error(s), 1 left on base; Chesapeake 1 - Marmora 6
TOP OF THE 7TH
Chesapeake Continentals batting - Pitching for Marmora Scramblers : RHP José Campos
Batting: LHB Munemori Ohara 0-0: Ball
1-0: Ball
2-0: Ball
3-0: Base on Balls
Pitching: RHP Michael Maidment
Batting: RHB Roger Lakes 0-0: Called Strike
0-1: Ball
1-1: Called Strike
1-2: Foul Ball, location: 2F
1-2: SINGLE (Groundball, 3D)
Munemori Ohara to second
Runner from 2nd tries for 3rd, SAFE, no throw or cutoff
Batting: RHB Mike Peterson 0-0: Ball
1-0: Ball
2-0: Foul Ball, location: 2F
2-1: Swinging Strike
2-2: Ball
3-2: Base on Balls
Roger Lakes to second
Batting: SHB Tim Roberts 0-0: Ball
1-0: DOUBLE (Flyball, 89M)
Munemori Ohara scores
Roger Lakes scores
Mike Peterson to third
Runner from 3rd tries for Home, SAFE, no throw or cutoff
Pitching: RHP Chris Strickland
Batting: RHB Gustavo Varela 0-0: Ball
1-0: Ball
2-0: Ball
3-0: Base on Balls
Pinch Hitting: RHB Jim Unknown 0-0: Called Strike
0-1: Ball
1-1: Swinging Strike
1-2: Foul Ball, location: 2F
1-2: Foul Ball, location: 2F
1-2: Ball
2-2: Ball
3-2: DOUBLE (Line Drive, 56)
Tim Roberts scores
Gustavo Varela to third
Batting: RHB Brandon Reed 0-0: Foul Ball, location: 2F
0-1: Called Strike
0-2: Foul Ball, location: 2F
0-2: Ball
1-2: Foul Ball, location: 2F
1-2: Strikes out swinging
Batting: LHB John Robertson 0-0: Fly out, F8 (Flyball, 8LD)
Runner from 3rd tags up, SCORES, no throw
Batting: RHB Roy Williams 0-0: Ball
1-0: Ground out 3-1 (Groundball, 34)
Top of the 7th over - 5 run(s), 3 hit(s), 0 error(s), 1 left on base; Chesapeake 6 - Marmora 6
BOTTOM OF THE 7TH
Marmora Scramblers batting - Pitching for Chesapeake Continentals : RHP Terry Stokes
Pitching: LHP Jim Unknown
Now at 1B: Jim Unknown
Pinch Hitting: SHB Carlton Reed 0-0: Called Strike
0-1: Ball
1-1: Ground out 4-3 (Groundball, 4M)
Batting: RHB Carl Carlson 0-0: Ball
1-0: Foul Ball, location: 2F
1-1: Ball
2-1: SINGLE (Line Drive, 7S)
Pinch Hitting: RHB Jim Unknown 0-0: Ball
1-0: Ball
2-0: Called Strike
2-1: Ball
3-1: Foul Ball, location: 2F
3-2: Base on Balls
Carl Carlson to second
Pinch Hitting: RHB Roberto Ríos 0-0: SINGLE (Groundball, 6MD)
Carl Carlson to third
Jim Unknown to second
Batting: LHB Markus Richardson 0-0: Called Strike
0-1: SINGLE (Line Drive, 8LS)
Carl Carlson scores
Jim Unknown to third
Roberto Ríos to second
Runner from 3rd tries for Home, SAFE, no throw or cutoff
Pitching: RHP Ron Fitzgerald
Batting: RHB Chris Hopkins 0-0: Grounds into double play, 1-4-3 (Groundball, 23)
Bottom of the 7th over - 2 run(s), 3 hit(s), 0 error(s), 1 left on base; Chesapeake 6 - Marmora 8
TOP OF THE 8TH
Chesapeake Continentals batting - Pitching for Marmora Scramblers : RHP Chris Strickland
Now at 2B: Larry Bryant
Now at 3B: Josh Stafford
Now at SS: Jim Unknown
Batting: LHB Munemori Ohara 0-0: Ball
1-0: Ball
2-0: Ball
3-0: Called Strike
3-1: Foul Ball, location: 2F
3-2: Base on Balls
Batting: RHB Roger Lakes 0-0: Called Strike
0-1: Ball
1-1: Ball
2-1: Foul Ball, location: 2F
2-2: Foul Ball, location: 2F
2-2: Fly out, F9 (Flyball, 9S)
Batting: RHB Mike Peterson 0-0: Called Strike
0-1: Ball
1-1: Ball
2-1: Ball
3-1: Foul Ball, location: 2F
3-2: Foul Ball, location: 2F
3-2: Foul Ball, location: 2F
3-2: Base on Balls
Munemori Ohara to second
Batting: SHB Tim Roberts 0-0: Called Strike
0-1: Ball
1-1: Ball
2-1: Foul Ball, location: 2F
2-2: Ball
3-2: Foul Ball, location: 2F
3-2: Fly out, F7 (Line Drive, 7M)
Pitching: RHP Scott Garrison
Pinch Hitting: RHB António Reyes 0-0: Foul Ball, location: 2F
0-1: Ball
1-1: Foul Ball, location: 2F
1-2: Ball
2-2: Ball
3-2: Base on Balls
Munemori Ohara to third
Mike Peterson to second
Batting: RHB Jim Unknown 0-0: GRAND SLAM HOME RUN (Flyball, 7LD), Distance : 349 ft
Pitching: RHP Charles Logan
Batting: RHB Brandon Reed 0-0: Called Strike
0-1: Ball
1-1: Foul Ball, location: 2F
1-2: DOUBLE (Flyball, 8RXD)
Batting: LHB John Robertson 0-0: Ball
1-0: Ball
2-0: Foul Ball, location: 2F
2-1: Ball
3-1: Called Strike
3-2: Base on Balls
Batting: RHB Roy Williams 0-0: Ball
1-0: Ball
2-0: Ground out 6-3 (Groundball, 6)
Top of the 8th over - 4 run(s), 2 hit(s), 0 error(s), 2 left on base; Chesapeake 10 - Marmora 8
BOTTOM OF THE 8TH
Marmora Scramblers batting - Pitching for Chesapeake Continentals : RHP Ron Fitzgerald
Now in CF: Kirk Wells
Batting: SHB Dave Orchard 0-0: SINGLE (Line Drive, 6MD)
Pitching: RHP Jim Unknown
Batting: LHB Randy Daugherty 0-0: Ball
1-0: Called Strike
1-1: DOUBLE (Flyball, 89XD)
Dave Orchard to third
Runner from 3rd tries for Home, SAFE, no throw or cutoff
Batting: LHB Steve Riggs 0-0: Called Strike
0-1: Foul Ball, location: 2F
0-2: Ball
1-2: Foul Ball, location: 2F
1-2: Foul Ball, location: 2F
1-2: Ball
Single, Error in OF, E8, batter to second base
Randy Daugherty scores
Pinch Hitting: RHB Chris Teague 0-0: Intentional Walk
Batting: RHB Carl Carlson 0-0: Ball
1-0: Ball
2-0: Foul Ball, location: 2F
2-1: Swinging Strike
2-2: Strikes out swinging
Batting: RHB Jim Unknown 0-0: Foul Ball, location: 2F
0-1: Ball
1-1: Ball
2-1: Ball
3-1: Called Strike
3-2: Ground out 5-3 (Groundball, 56)
Steve Riggs to third
Chris Teague to second
Pinch Hitting: LHB José Durán 0-0: Called Strike
0-1: Ball
1-1: Foul Ball, location: 2F
1-2: Strikes out looking
Bottom of the 8th over - 2 run(s), 3 hit(s), 1 error(s), 2 left on base; Chesapeake 10 - Marmora 10
TOP OF THE 9TH
Chesapeake Continentals batting - Pitching for Marmora Scramblers : RHP Charles Logan
Now at 2B: José Durán
Now at SS: Victor Haley
Batting: LHB Munemori Ohara 0-0: Called Strike
0-1: Ball
1-1: Foul Ball, location: 2F
1-2: Ball
2-2: Ball
3-2: Ground out U3 (Groundball, 3S)
Pinch Hitting: LHB Jim Unknown 0-0: Called Strike
0-1: Ball
1-1: Foul Ball, location: 2F
1-2: Ball
2-2: Fly out, F5 (Line Drive, 5S)
Batting: RHB Mike Peterson 0-0: Ball
1-0: Ball
2-0: SINGLE (Groundball, 34D)
Pinch Hitting: RHB José Rodríguez 0-0: Ball
Wild Pitch!
Mike Peterson to second
1-0: Called Strike
1-1: Foul Ball, location: 2F
1-2: Strikes out swinging
Top of the 9th over - 0 run(s), 1 hit(s), 0 error(s), 1 left on base; Chesapeake 10 - Marmora 10
BOTTOM OF THE 9TH
Marmora Scramblers batting - Pitching for Chesapeake Continentals : RHP Jim Unknown
Pitching: RHP Jim Unknown
Now at C: Truman Bryant
Now in LF: José Rodríguez
Batting: LHB Markus Richardson 0-0: Called Strike
0-1: Foul Ball, location: 2F
0-2: Strikes out swinging
Batting: RHB Chris Hopkins 0-0: Ball
1-0: Ball
2-0: Ball
3-0: Base on Balls
Batting: SHB Dave Orchard 0-0: Ball
1-0: Ball
2-0: Ball
3-0: Called Strike
3-1: SINGLE (Line Drive, 4D)
Chris Hopkins to second
Pinch Runner at 2nd Roberto Madrid:
Batting: LHB Randy Daugherty 0-0: Swinging Strike
0-1: Ground out 3-1 (Groundball, 34)
Roberto Madrid to third
Dave Orchard to second
Batting: LHB Steve Riggs 0-0: Called Strike
0-1: Ball
1-1: Ball
2-1: Fly out, F7 (Line Drive, 78M)
Bottom of the 9th over - 0 run(s), 1 hit(s), 0 error(s), 2 left on base; Chesapeake 10 - Marmora 10
TOP OF THE 10TH
Chesapeake Continentals batting - Pitching for Marmora Scramblers : RHP Charles Logan
Batting: RHB Kirk Wells 0-0: Ball
1-0: Ball
2-0: Called Strike
2-1: Foul Ball, location: 2F
2-2: Strikes out swinging
Batting: RHB Jim Unknown 0-0: Ball
1-0: Ground out 1-3 (Groundball, 13)
Batting: RHB Brandon Reed 0-0: Ball
1-0: Swinging Strike
1-1: SINGLE (Line Drive, 89S)
Batting: LHB John Robertson 0-0: Ball
1-0: Ball
2-0: Called Strike
2-1: Ball
3-1: Foul Ball, location: 2F
3-2: Base on Balls
Brandon Reed to second
Batting: RHB Roy Williams 0-0: Ball
1-0: Called Strike
1-1: Ball
2-1: Ground out 5-3 (Groundball, 56S)
Top of the 10th over - 0 run(s), 1 hit(s), 0 error(s), 2 left on base; Chesapeake 10 - Marmora 10
BOTTOM OF THE 10TH
Marmora Scramblers batting - Pitching for Chesapeake Continentals : RHP Jim Unknown
Pinch Hitting: RHB Jorge Quezada 0-0: Called Strike
0-1: Ball
1-1: Swinging Strike
1-2: Foul Ball, location: 2F
1-2: Strikes out swinging
Batting: RHB Carl Carlson 0-0: Swinging Strike
0-1: Ball
1-1: Called Strike
1-2: Ball
2-2: Foul Ball, location: 2F
2-2: Fly out, F7 (Flyball, 78M)
Batting: RHB Jim Unknown 0-0: Swinging Strike
0-1: Foul Ball, location: 2F
0-2: Ball
1-2: Ground out 6-3 (Groundball, 6M)
Bottom of the 10th over - 0 run(s), 0 hit(s), 0 error(s), 0 left on base; Chesapeake 10 - Marmora 10
TOP OF THE 11TH
Chesapeake Continentals batting - Pitching for Marmora Scramblers : RHP Charles Logan
Pitching: RHP Michael Adams
Now at 3B: Jorge Quezada
Batting: LHB Munemori Ohara 0-0: Foul Ball, location: 2F
0-1: Ball
1-1: Ball
2-1: Ball
3-1: Foul Ball, location: 2F
3-2: Fly out, F5 (Popup, 5SF)
Batting: RHB Truman Bryant 0-0: Called Strike
0-1: Foul Ball, location: 2F
0-2: Strikes out looking
Batting: RHB Mike Peterson 0-0: Ball
1-0: Called Strike
1-1: Swinging Strike
1-2: Ball
2-2: Strikes out looking
Top of the 11th over - 0 run(s), 0 hit(s), 0 error(s), 0 left on base; Chesapeake 10 - Marmora 10
BOTTOM OF THE 11TH
Marmora Scramblers batting - Pitching for Chesapeake Continentals : RHP Jim Unknown
Pitching: RHP Donald Johnson
Batting: LHB José Durán 0-0: SINGLE (Line Drive, 6MD)
Batting: LHB Markus Richardson 0-0: Called Strike
0-1: Ball
1-1: Ball
2-1: Bunted foul
2-2: Ball
3-2: Base on Balls
José Durán to second
Batting: LHB Roberto Madrid 0-0: Called Strike
0-1: SINGLE (Line Drive, 9S)
José Durán to third
Markus Richardson to second
Runner from 3rd tries for Home, SAFE, throw made home
This league is powered by Out of the Park Baseball, the baseball management simulation game for PC, Mac and Linux
Saturday, February 27th, 2021 - OOTP Baseball 15.6 Build 34